 Dungeon Crawl Stone Soup version 0.23.2-40-g277498a001 (webtiles) character file.

Game seed: 15986598681289490745

2314 Kold the Ruffian (level 9, 0/53 HPs)
             Began as an Octopode Transmuter on Aug 21, 2019.
             Was a Follower of Cheibriados.
             Slain by a hippogriff (4 damage)
             ... on level 7 of the Dungeon.
             The game lasted 00:12:14 (6257 turns).

Kold the Ruffian (Octopode Transmuter)              Turns: 6257, Time: 00:12:14

Health: 0/53       AC:  2    Str: 15    XL:     9   Next: 41%
Magic:  7/12       EV: 27    Int: 17    God:    Cheibriados [*.....]
Gold:   361        SH:  0    Dex: 19    Spells: 8/12 levels left

rFire    . . .     SeeInvis .     - Unarmed
rCold    + . .     Gourm    .   (shield currently unavailable)
rNeg     . . .     Faith    .   (helmet currently unavailable)
rPois    x         Spirit   .   (no amulet)
rElec    .         Reflect  .   n - ring of wizardry
rCorr    .         Harm     .   s - ring of protection from cold
MR       .....                  (no ring)
Stlth    +++.......             (no ring)
HPRegen  0.17/turn              (no ring)
MPRegen  0.13/turn              (no ring)
                                (no ring)
                                (no ring)

@: spider-form, very slightly contaminated, very slow
A: tiny, almost no armour, stealthy swim, (amphibious), 8 rings, (constrict 8)
a: End Transformation, Bend Time, Renounce Religion


You were on level 7 of the Dungeon.
You worshipped Cheibriados.
Cheibriados was aware of your devotion.
You were not hungry.
You were a venomous arachnid creature.
You visited 2 branches of the dungeon, and saw 8 of its levels.

You collected 361 gold pieces.

Inventory:

Missiles
 a - 91 arrows
Jewellery
 n - a ring of wizardry (left front leg)
 s - a ring of protection from cold (right front leg)
Wands
 j - a wand of polymorph (7)
 t - a wand of paralysis (9)
 x - a wand of acid (3)
Scrolls
 e - 2 scrolls of amnesia {unknown}
 h - 2 scrolls of enchant armour {unknown}
 k - 5 scrolls of identify {unknown}
 l - 4 scrolls of blinking {unknown}
 m - 4 scrolls of remove curse {unknown}
 o - 4 scrolls of teleportation {unknown}
 r - 4 scrolls of magic mapping {unknown}
 w - a scroll of vulnerability {unknown}
 y - a scroll of fog {unknown}
 A - a scroll of random uselessness {unknown}
 B - a scroll of enchant weapon {unknown}
Potions
 b - a potion of flight {unknown}
 d - 3 potions of agility
 f - 2 potions of brilliance {unknown}
 g - 4 potions of heal wounds {unknown}
 i - 2 potions of curing
 p - a potion of magic {unknown}
 q - a potion of haste {unknown}
 u - 2 potions of lignification {unknown}
 v - a potion of might {unknown}
 z - a potion of degeneration {unknown}
Comestibles
 c - 14 rations
 C - 5 chunks of flesh


   Skills:
 - Level 1.0 Fighting
 + Level 7.2 Dodging
 - Level 3.0 Stealth
 + Level 7.4 Unarmed Combat
 - Level 2.0 Spellcasting
 + Level 7.1 Transmutations
 - Level 2.0 Poison Magic


You had 8 spell levels left.
You knew the following spells:

 Your Spells              Type           Power        Failure   Level  Hunger
a - Beastly Appendage     Tmut           ####..       2%          1    #......
b - Spider Form           Tmut/Pois      ###.......   9%          3    ###....

Your spell library contained the following spells:

 Spells                   Type           Power        Failure   Level  Hunger
 Sticks to Snakes         Tmut           ####....     2%          2    ###....
 Confusing Touch          Hex            #.....       16%         1    #......
 Infusion                 Chrm           #...         16%         1    #......
 Shroud of Golubria       Chrm/Tloc      #.........   22%         2    ###....
 Song of Slaying          Chrm           #.......     22%         2    ###....
 Blade Hands              Tmut           ####......   22%         5    ######.
 Ice Form                 Ice/Tmut       ##......     32%         4    #####..
 Petrify                  Tmut/Erth      ##......     32%         4    #####..
 Confuse                  Hex            #.......     38%         3    ###....
 Gell's Gravitas          Tloc           #.........   38%         3    ###....
 Regeneration             Chrm/Necr      #.........   38%         3    ###....
 Spectral Weapon          Hex/Chrm       #.......     38%         3    ###....
 Yara's Violent Unravell  Hex/Tmut       ##........   58%         5    ######.
 Metabolic Englaciation   Hex/Ice        #.........   95%         5    ######.


Dungeon Overview and Level Annotations

Branches:
Dungeon (7/15)             Temple (1/1) D:5

Altars:
Cheibriados
Dithmenos
Elyvilon
Kikubaaqudgha
Makhleb

Annotations:
D:3 2 transporters, Thargor's ghost, amateur GnSk


Innate Abilities, Weirdness & Mutations

You cannot wear most types of armour.
You are very stealthy in the water. (Stealth+)
((You are amphibious.))
You can wear up to eight rings at the same time.
((You can use your tentacles to constrict eight enemies at once.))
((Your skin changes colour to match your surroundings (Stealth+).))
((Your rubbery body absorbs attacks. (AC +1, EV +1)))


Message History

The hippogriff bites you! The hippogriff closely misses you.
The hippogriff claws you.
Casting: Spider Form (safe; 3% risk of failure)
Confirm with . or Enter, or press ? or * to list all spells.
Your tentacle spike disappears.
You turn into a venomous arachnid creature.
The hippogriff bites you but does no damage.
The hippogriff pecks you! The hippogriff completely misses you.
You barely miss the hippogriff.
The hippogriff is moderately wounded.
The hippogriff bites you!
* * * LOW HITPOINT WARNING * * *
The hippogriff completely misses you. x2
You see here a wand of scattershot (5).
The hippogriff completely misses you. The hippogriff barely misses you.
The hippogriff misses you. The hippogriff bites you!
* * * LOW HITPOINT WARNING * * *
The hippogriff pecks you.
You die...

##.# #.#...... #.## #.##.####
#..# #.#...... ##.# #.#..####
#.# #.#..# ##########
#.####.#..# .........#
#.##.#.#..#
########/#######..#.#.#..####
#....Hs.......#.#......
#..########.#.#........ #..#
#...#....#### #..#
##..#.#<.#... #..#
#..#.#..#.## #####..####
##.#....#.#. ...........#
#......#.#.
...........#######.####.#.#.
............................


You could see a hippogriff.

Vanquished Creatures
  Pikel (D:5)
  Sigmund (D:3)
  A water moccasin (D:5)
  2 slaves (D:5)
  A necrophage (D:7)
  2 centaurs (D:6)
  An ogre (D:7)
  A phantom (D:6)
  3 bullfrogs
  2 scorpions
  3 crimson imps (D:5)
  2 orc priests
  2 hounds
  A bullfrog skeleton (D:7)
  4 orc wizards
  A gnoll shaman (D:5)
  2 iguanas
  2 worker ants
  2 hound zombies
  A mummy (D:5)
  A howler monkey skeleton (D:5)
  13 gnolls
  8 adders
  2 shadow imps (D:6)
  An ooze (D:1)
  6 worms
  3 dart slugs
  5 leopard geckos
  14 orcs
  2 ball pythons
  5 bats
  5 giant cockroaches
  15 goblins
  5 hobgoblins
  6 jackals
  3 kobolds
  4 quokkas
  6 frilled lizards
  2 quokka skeletons
  10 rats
151 creatures vanquished.

Vanquished Creatures (others)
  A human (D:2)
1 creature vanquished.

Grand Total: 152 creatures vanquished

Notes
Turn   | Place    | Note
-------+----------+-------------------------------------------
     0 | D:1      | Kold the Octopode Transmuter began the quest for the Orb.
     0 | D:1      | Reached XP level 1. HP: 13/13 MP: 3/3
   129 | D:1      | Reached skill level 1 in Stealth
   129 | D:1      | Reached XP level 2. HP: 18/18 MP: 3/5
   229 | D:1      | Reached XP level 3. HP: 19/23 MP: 6/6
   499 | D:2      | Found an ancient bone altar of Kikubaaqudgha.
   518 | D:2      | Noticed a human
   521 | D:2      | Killed a human
   857 | D:3      | Found a burning altar of Makhleb.
   958 | D:3      | Reached XP level 4. HP: 8/28 MP: 7/7
   959 | D:3      | HP: 1/28 [orc (2)]
  1356 | D:2      | Reached XP level 5. HP: 22/33 MP: 6/8
  1682 | D:2      | Learned a level 3 spell: Spider Form
  1981 | D:3      | Reached skill level 1 in Poison Magic
  2299 | D:3      | Reached XP level 6. HP: 33/38 MP: 9/9
  2408 | D:3      | Found a transporter.
  2408 | D:3      | Noticed Thargor's ghost (amateur GnSk)
  2409 | D:3      | Found a transporter.
  2544 | D:3      | Found a shadowy altar of Dithmenos.
  2625 | D:3      | Noticed Sigmund
  2646 | D:3      | Killed Sigmund
  2646 | D:3      | Reached XP level 7. HP: 11/43 MP: 4/10
  2670 | D:3      | HP: 2/43 [poisoned by Sigmund]
  2678 | D:3      | HP: 1/43 [poisoned by Sigmund]
  3248 | D:4      | Reached skill level 5 in Unarmed Combat
  3741 | D:5      | Entered Level 5 of the Dungeon
  4102 | D:5      | Reached skill level 5 in Dodging
  4114 | D:5      | Reached skill level 5 in Transmutations
  4148 | D:5      | Reached XP level 8. HP: 48/48 MP: 4/11
  4149 | D:5      | Found a white marble altar of Elyvilon.
  4196 | D:5      | Found a snail-covered altar of Cheibriados.
  4220 | D:5      | Noticed Pikel
  4345 | D:5      | Killed Pikel
  4359 | D:5      | Became a worshipper of Cheibriados the Contemplative
  4776 | D:5      | Found a staircase to the Ecumenical Temple.
  4785 | Temple   | Entered the Ecumenical Temple
  4914 | D:6      | Reached XP level 9. HP: 48/53 MP: 9/12
  4982 | D:5      | Reached * piety under Cheibriados
  6257 | D:7      | Slain by a hippogriff

Skill      XL: |  1  2  3  4  5  6  7  8  9 |
---------------+----------------------------+-----
Stealth        | 1 2 3 |  3.0
Dodging        | 3 4 5 6 7 |  7.2
Transmutations | 3 4 5 6 7 |  7.1
Unarmed Combat | 4 5 6 7 |  7.4
Poison Magic   | 1 2 |  2.0
Fighting       | |  1.0
Spellcasting   | |  2.0

Action                   |  1- 3 |  4- 6 |  7- 9 || total
-------------------------+-------+-------+-------++-------
Melee: Unarmed           |    65 |   130 |   237 ||   432
       Constrict         |    24 |    27 |    36 ||    87
       Kick              |    11 |    27 |    37 ||    75
       Punch             |     1 |     1 |     8 ||    10
       Tentacles         |    10 |    13 |    30 ||    53
 Cast: Beastly Appendage |    18 |    15 |    22 ||    55
       Spider Form       |       |     2 |    13 ||    15
  Use: Potion            |       |     2 |       ||     2
 Stab: Sleeping          |     7 |     1 |    13 ||    21
  Eat: Chunk             |     1 |     5 |     9 ||    15
       Ration            |       |       |     1 ||     1
Armor: Skin              |       |     8 |     6 ||    14
Dodge: Dodged            |    32 |    97 |   209 ||   338
